 Dungeon Crawl Stone Soup version 0.27-a0-1456-gf5a116941d (webtiles) character file.

Game seed: 10532185062240259239

141 sagitran the Skirmisher (level 5, -1/41 HPs)
             Began as a Merfolk Wanderer on July 5, 2021.
             Slain by a killer bee zombie (7 damage)
             ... on level 6 of the Dungeon.
             The game lasted 00:15:44 (2651 turns).

sagitran the Skirmisher (Merfolk Wanderer)          Turns: 2651, Time: 00:15:44

Health: -1/41      AC:  4    Str: 12    XL:     5   Next: 24%
Magic:  5/5        EV: 12    Int: 12    God:
Gold:   128        SH:  0    Dex: 14    Spells: 1/4 levels left

rFire    . . .     SeeInvis .   e - +0 dagger
rCold    + . .     Faith    .   (no shield)
rNeg     . . .     Spirit   .   c - +0 robe
rPois    .         Reflect  .   j - +1 hat {Stlth+}
rElec    .         Harm     .   (no cloak)
rCorr    .         Rampage  .   u - +0 pair of gloves
Will     .....                  (no boots)
Stlth    +++.......             (no amulet)
HPRegen  0.13/turn              s - ring of protection from cold
MPRegen  0.09/turn              (no ring)

@: no status effects
A: (nimble swimmer 2), mertail
a: no special abilities


You were on level 6 of the Dungeon.
You visited 1 branch of the dungeon, and saw 6 of its levels.

You collected 128 gold pieces.

Inventory:

Hand Weapons
 a - a +2 hand crossbow
 e - a +0 dagger (weapon)
Missiles
 b - 41 bolts
Armour
 c - a +0 robe (worn)
 j - a +1 hat of stealth (worn)
 u - a +0 pair of gloves (worn)
Jewellery
 s - a ring of protection from cold (left hand)
Wands
 l - a wand of paralysis (9)
Scrolls
 d - a scroll of amnesia {unknown}
 f - 4 scrolls of identify {unknown}
 g - 3 scrolls of noise {unknown}
 h - 7 scrolls of teleportation {unknown}
 i - 6 scrolls of immolation
 m - a scroll of vulnerability {unknown}
 o - a scroll of magic mapping {unknown}
 q - a scroll of enchant armour {unknown}
Potions
 k - a potion of heal wounds {unknown}
 n - a potion of might {unknown}
 p - 2 potions of degeneration {unknown}
 r - a potion of flight {unknown}
 t - a potion of lignification
 v - 2 potions of curing {unknown}
 w - a potion of magic {unknown}


   Skills:
 + Level 3.0 Fighting
 + Level 1.3 Short Blades
 + Level 2.1 Crossbows
 + Level 1.0 Throwing
 + Level 1.7 Armour
 + Level 1.8 Dodging
 + Level 1.3 Stealth
 + Level 1.0 Shields
 + Level 0.3 Spellcasting
 + Level 1.3 Transmutations
 + Level 1.0 Fire Magic
 + Level 2.6 Poison Magic


You had one spell level left.
You knew the following spells:

 Your Spells              Type           Power      Damage    Failure   Level
a - Sting                 Tmut/Pois      16%        1d3       14%         1
b - Wereblood             Tmut           3%         N/A       28%         2

Your spell library contained the following spells:

 Spells                   Type           Power      Damage    Failure   Level
 Shock                    Conj/Air       0%         1d3       32%         1
 Passwall                 Tmut/Erth      0%         N/A       36%         2
 Blink                    Tloc           N/A        N/A       43%         2
 Corpse Rot               Necr/Air       N/A        N/A       43%         2
 Ignite Poison            Fire/Tmut/Pois 4%         N/A       43%         3
 Lesser Beckoning         Tloc           0%         N/A       67%         3
 Swiftness                Air            0%         N/A       67%         3
 Dispel Undead            Necr           0%         3d6       97%         4
 Summon Lightning Spire   Summ/Air       0%         N/A       97%         4
 Alistair's Intoxication  Tmut/Pois      2%         N/A       99%         5
 Manifold Assault         Tloc           0%         N/A       100%        5
 Death Channel            Necr           0%         N/A       100%        6
 Invisibility             Hex            0%         N/A       100%        6
 Chain Lightning          Conj/Air       0%         N/A       100%        9


Dungeon Overview and Level Annotations

Branches:
Dungeon (6/15)
 Temple: D:4-7

Altars:
Fedhas
Trog
Vehumet

Shops:
D:3 *


Innate Abilities, Weirdness & Mutations

((You are quick and stealthy near water. (Stealth+, EV+, Speed+++)))
Your lower body shifts to a powerful aquatic tail in water.


Message History

There is a stone staircase leading up here.
The helpless killer bee zombie fails to defend itself.
You puncture the killer bee zombie!
The killer bee zombie is moderately damaged.
The killer bee zombie hits you.
The killer bee zombie barely misses you.
You completely miss the killer bee zombie.
The killer bee zombie is moderately damaged.
The killer bee zombie hits you.
* * * LOW HITPOINT WARNING * * *
The killer bee zombie closely misses you.
You barely miss the killer bee zombie.
The killer bee zombie is moderately damaged.
The killer bee zombie closely misses you.
The killer bee zombie misses you.
You closely miss the killer bee zombie.
The killer bee zombie is moderately damaged.
The killer bee zombie barely misses you.
You closely miss the killer bee zombie.
The killer bee zombie is moderately damaged.
The killer bee zombie closely misses you.
The killer bee zombie hits you but does no damage.
You hit the killer bee zombie.
The killer bee zombie is moderately damaged.
The killer bee zombie barely misses you.
The killer bee zombie misses you.
You closely miss the killer bee zombie.
The killer bee zombie is moderately damaged.
The killer bee zombie barely misses you.
The killer bee zombie hits you.
* * * LOW HITPOINT WARNING * * *
You hit the killer bee zombie.
The killer bee zombie is heavily damaged.
The killer bee zombie hits you.
* * * LOW HITPOINT WARNING * * *
You barely miss the killer bee zombie.
The killer bee zombie is heavily damaged.
The killer bee zombie barely misses you.
The killer bee zombie hits you!
You die...

#.......
#......
#...!.. #
(.... .#
#.(.# ..#
##...##...#
#.........#
#..<......#
#..@......#
##.Z.$....#
#........#
.........#
#.........#
#......$..#
#.........#
#.........#


You could see a killer bee zombie.

Vanquished Creatures
  A bullfrog zombie (D:3)
  A gnoll (D:5)
  3 adders
  2 worms
  An orc (D:3)
  6 bats
  4 endoplasms
  5 giant cockroaches
  6 goblins
  7 hobgoblins
  8 jackals
  3 kobolds
  A quokka (D:3)
  6 ball pythons
  3 frilled lizards (D:2)
  7 rats
64 creatures vanquished.

Notes
Turn   | Place    | Note
-------+----------+-------------------------------------------
     0 | D:1      | sagitran the Merfolk Wanderer began the quest for the Orb.
     0 | D:1      | sagitran set off with the following items: a +2 hand
                  | crossbow, 27 bolts, a +0 robe; and the following spell
                  | memorised: Sting; and the following spells available to
                  | memorise: Passwall, Wereblood, Ignite Poison
     0 | D:1      | Reached XP level 1. HP: 16/16 MP: 1/1
   122 | D:1      | Reached XP level 2. HP: 20/23 MP: 2/2
   197 | D:1      | Found a faded altar of an unknown god.
   763 | D:2      | Reached skill level 1 in Dodging
   763 | D:2      | Reached XP level 3. HP: 28/28 MP: 3/3
   767 | D:2      | Got Sif Muna's Guide on Feathery Contamination
  1047 | D:3      | Found a radiant altar of Vehumet.
  1078 | D:3      | Reached skill level 1 in Stealth
  1078 | D:3      | Reached XP level 4. HP: 23/34 MP: 0/4
  1094 | D:3      | Found Kewnarphuu's Assorted Antiques.
  1104 | D:3      | Reached skill level 1 in Short Blades
  1111 | D:3      | Reached skill level 1 in Transmutations
  1627 | D:3      | Learned a level 2 spell: Wereblood
  1663 | D:3      | Reached XP level 5. HP: 25/40 MP: 1/5
  1848 | D:3      | Found a blossoming altar of Fedhas.
  1937 | D:2      | Found a bloodstained altar of Trog.
  2170 | D:2      | Reached skill level 3 in Fighting
  2579 | D:5      | Entered Level 5 of the Dungeon
  2651 | D:6      | Slain by a killer bee zombie

Illustrated notes

Levels and vault maps discovered:
D:1:      minmay_arrival_nine_rooms, layout_basic,
          hellmonk_ecumenical_altar_blasted
D:2:      minmay_razor_zed, layout_basic, basic_altar
D:3:      layout_rooms, fedhas_altar_fruit_tree, nicolae_vehumet_altar_sigil,
          serial_shops, shop
D:4:      layout_loops_ring, nicolae_ashenzari_skybound,
          lemuel_mausoleum_altar_yredelemnul, grunt_ministairs_14,
          minmay_fractal_squares_diagonal_5
D:5:      layout_gridville, serial_glass, glass_columns_a, glass_columns_a,
          uniq_blork_the_orc
D:6:      layout_gridville, serial_shops, shop_fountains

Skill      XL: |  1  2  3  4  5 |
---------------+----------------+-----
Dodging        | 1 |  1.8
Stealth        | 1 |  1.3
Short Blades   | 1 |  1.3
Transmutations | 1 |  1.3
Crossbows      | 2 |  2.1
Fighting       | 3 |  3.0
Throwing       | |  1.0
Armour         | |  1.7
Shields        | |  1.0
Spellcasting   | |  0.3
Fire Magic     | |  1.0
Poison Magic   | |  2.6

Action                   |  1- 3 |  4- 6 || total
-------------------------+-------+-------++-------
Melee: Dagger            |    64 |    83 ||   147
 Fire: Hand crossbow     |    33 |    34 ||    67
 Cast: Sting             |    10 |     7 ||    17
       Wereblood         |       |     2 ||     2
  Use: Potion            |     1 |     1 ||     2
 Stab: Sleeping          |     6 |     2 ||     8
Armor: Robe              |    21 |    27 ||    48
       Skin              |    14 |     3 ||    17
Dodge: Dodged            |    58 |    80 ||   138

Table legend: (Time is in decaauts)
 A = Elapsed time spent in this place.
 B = Non-inter-level travel time spent in this place.
 C = Inter-level travel time spent in this place.
 D = Time resting spent in this place.
 E = Time spent auto-exploring this place.
 F = Levels seen in this place.
 G = Mean time per level.
                   A        B        C        D        E       F      G
               +--------+--------+--------+--------+--------+-----+--------+
         Total |   2667 |   2640 |     27 |    191 |   1083 |   6 |  444.5 |
       Dungeon |   2667 |   2640 |     27 |    191 |   1083 |   6 |  444.5 |
               +--------+--------+--------+--------+--------+-----+--------+

Top non-repeatable levels by time:
     D:2: 908 daAuts
     D:3: 886 daAuts
     D:1: 592 daAuts
     D:4: 209 daAuts
     D:5: 60 daAuts
     D:6: 9 daAuts
